Map: Eastwatch LE

Players

Rogue

  • Race: Zerg Zerg
  • Spawn Location: 1:00

TYTY (TY) - Winner!

  • Race: Terran Terran
  • Spawn Location: 7:00

Event: IEM Season 12 - Katowice

VOD

Have the link to the VOD?

Description

Time

  • Played on: March 3, 2018, 2:21 p.m.
  • Length: 13:38

All games in this series

Show
View Real Time Build Order
Export as new Build Order

Rogue Zerg 

Build Orders: Hatch First 

Get SALT Encoding   

  12  0:00  Drone  
  13  0:12  Overlord  
  13  0:17  Drone  
  14  0:31  Drone  
  14  0:32  Drone  
  14  0:34  Drone  
  17  0:51  Hatchery  
  17  0:54  Drone  
  17  0:58  Drone  
  18  1:08  Extractor  
  17  1:13  Spawning Pool  
  17  1:15  Drone  
  17  1:18  Drone  
  18  1:28  Drone  
  19  1:39  Overlord  
  19  1:50  Drone  
  20  1:59  Queen  
  20  2:00  Zergling x2  
  23  2:03  Queen  
  23  2:04  Zergling x2  
  26  2:08  Metabolic Boost  
  26  2:13  Drone  
  26  2:14  Drone  
  28  2:23  Drone  
  28  2:25  Drone  
  30  2:32  Drone  
  30  2:36  Drone  
  32  2:38  Queen  
  34  2:45  Overlord  
  34  2:46  Pneumatized Carapace  
  34  2:48  Drone  
  35  2:53  Drone  
  36  3:05  Drone x2  
  38  3:08  Drone x4  
  38  3:11  Drone x2  
  44  3:16  Overlord  
  44  3:33  Hatchery  
  43  3:37  Drone  
  43  3:38  Overlord  
  44  3:42  Queen  
  44  3:47  Queen  
  48  3:49  Zergling x6  
  48  3:50  Drone  
  48  3:53  Overlord  
  52  4:02  Drone x6  
  58  4:05  Extractor  
  57  4:13  Drone x3  
  60  4:20  Drone  
  60  4:21  Drone x3  
  64  4:24  Lair  
  64  4:27  Overlord  
  64  4:29  Overlord  
  64  4:30  Spore Crawler  
  63  4:34  Evolution Chamber  
  63  4:35  Evolution Chamber  
  63  4:36  Drone  
  62  4:42  Overlord  
  62  4:47  Queen  
  62  4:49  Drone x2  
  66  4:55  Zergling x4  
  66  4:56  Zergling x2  
  66  4:58  Drone x5  
  74  5:01  Drone  
  75  5:07  Spore Crawler  
  75  5:08  Drone x2, Zerg Ground Armor Level 1  
  75  5:13  Baneling Nest  
  75  5:17  Drone x2  
  75  5:21  Overlord  
  75  5:24  Zerg Melee Weapons Level 1  
  75  5:28  Drone  
  75  5:29  Drone x4  
  75  5:32  Overlord  
  75  5:35  Drone x3  
  76  5:44  Drone x4  
  76  5:46  Zergling x4  
  76  5:48  Extractor  
  76  5:49  Extractor  
  80  5:52  Zergling x4  
  82  5:57  Zergling x2  
  82  6:01  Centrifical Hooks  
  82  6:02  Zergling x8  
  82  6:03  Hatchery  
  86  6:04  Overseer  
  86  6:07  Zergling x4  
  88  6:17  Zergling x4  
  90  6:23  Baneling x3  
  90  6:24  Overlord x2, Baneling x5  
  90  6:35  Hatchery  
  90  6:36  Drone, Hydralisk Den  
  90  6:37  Overlord  
  89  6:42  Overlord  
  89  6:46  Zergling x8  
  93  6:47  Zergling x4  
  93  6:49  Zergling x4  
  97  6:55  Overlord  
  97  7:06  Drone x6  
  97  7:07  Overlord  
  103  7:11  Overlord  
  103  7:13  Drone x3  
  106  7:17  Overlord  
  106  7:20  Zergling x4  
  108  7:22  Zerg Ground Armor Level 2  
  108  7:23  Zerg Melee Weapons Level 2  
  108  7:27  Zergling x2  
  92  7:39  Zergling x20  
  92  7:43  Grooved Spines  
  102  7:46  Drone  
  102  7:47  Spore Crawler  
  102  7:49  Queen  
  102  7:50  Queen  
  106  7:53  Hydralisk  
  106  7:54  Hydralisk x5  
  106  7:55  Zergling x4  
  106  7:56  Drone  
  106  7:57  Drone, Extractor  
  120  8:00  Overlord  
  120  8:03  Hydralisk x2  
  120  8:04  Overlord  
  123  8:06  Zergling x10  
  123  8:11  Zergling x2  
  128  8:13  Overlord  
  128  8:14  Zergling x2  
  128  8:17  Zergling x4  
  128  8:21  Zergling x12  
  128  8:22  Zergling x2  
  128  8:23  Zergling x6  
  136  8:27  Drone x2, Extractor  
  136  8:28  Infestation Pit  
  136  8:29  Drone x2  
  136  8:30  Drone x3  
  136  8:31  Drone x2  
  136  8:33  Zergling x2  
  137  8:42  Drone x3  
  137  8:43  Drone x2  
  137  8:46  Hydralisk  
  137  8:47  Hydralisk x4  
  150  8:50  Baneling  
  150  8:51  Baneling x5  
  150  8:54  Muscular Augments  
  150  8:57  Zergling x18  
  157  9:08  Drone x3  
  157  9:11  Zergling x16  
  157  9:13  Hive  
  157  9:16  Overseer  
  165  9:20  Drone x2  
  167  9:27  Overlord  
  167  9:28  Overlord  
  167  9:34  Hydralisk x3  
  167  9:37  Baneling  
  167  9:38  Baneling x2  
  173  9:39  Hatchery  
  173  9:41  Extractor  
  173  9:42  Overlord  
  171  9:55  Hydralisk x3  
  171  9:56  Hydralisk x2  
  171  9:58  Overlord  
  181  10:01  Zergling x2  
  181  10:02  Zergling x18  
  181  10:06  Overlord  
  191  10:09  Overlord  
  187  10:14  Zergling x8  
  187  10:15  Overlord  
  187  10:17  Baneling x10  
  187  10:18  Overlord  
  190  10:22  Zergling x10  
  190  10:24  Zergling x12  
  190  10:27  Zergling x8  
  189  10:29  Baneling x10  
  189  10:31  Zergling x2  
  172  10:42  Zergling x20  
  177  10:44  Zergling x2  
  177  10:46  Zergling x8  
  177  10:48  Zergling x2  
  173  10:55  Viper  
  173  10:56  Viper  
  174  10:57  Viper  
  174  11:04  Zergling x10  
  178  11:07  Baneling x8  
  178  11:09  Hatchery  
  180  11:12  Baneling x8  
  180  11:17  Zergling x10  
  181  11:26  Zergling x4  
  181  11:27  Zergling x14  
  168  11:40  Baneling x2  
  168  11:41  Baneling x7, Zergling x2  
  168  11:43  Zergling x2  
  168  11:45  Zergling x10  
  168  11:46  Zergling x6  
  151  11:47  Zergling x4  
  151  11:52  Zergling x10  
  151  11:53  Hydralisk  
  133  11:58  Zergling x2  
  133  11:59  Zergling x4  
  124  12:02  Drone x3  
  124  12:04  Ultralisk Cavern  
  124  12:08  Zergling x8, Hydralisk x2  
  121  12:11  Zergling x4  
  116  12:16  Hydralisk x2  
  116  12:21  Baneling x2  
  116  12:22  Baneling x10  
  119  12:25  Drone x2  
  119  12:26  Drone x2  
  119  12:29  Zergling x4  
  125  12:35  Zergling x10  
  122  12:38  Zergling x2  
  122  12:41  Zergling x2  
  122  12:44  Zergling x12  
  123  12:49  Zergling x4  
  123  12:50  Zergling x4  
  131  12:55  Zergling x6  
  122  13:20  Zergling x12  
Show
View Real Time Build Order
Export as new Build Order

TYTY Terran - Winner!

Build Orders: Liberator Opening, Reaper Expand, Bio Tank 

Get SALT Encoding   

  12  0:00  SCV  
  13  0:12  SCV  
  14  0:17  Supply Depot  
  14  0:25  SCV  
  15  0:38  SCV  
  15  0:39  Barracks  
  16  0:43  Refinery  
  16  0:50  SCV  
  17  1:03  SCV  
  18  1:15  SCV  
  19  1:26  Reaper  
  19  1:27  Orbital Command  
  20  1:39  Command Center  
  20  1:47  Supply Depot  
  20  1:53  SCV  
  21  1:58  Marine  
  22  2:05  SCV  
  23  2:10  Factory  
  23  2:13  Refinery  
  23  2:17  SCV  
  23  2:20  Barracks Reactor  
  24  2:29  SCV  
  25  2:42  SCV  
  26  2:52  Orbital Command  
  26  2:54  SCV, Starport  
  27  3:00  Hellion x2  
  27  3:03  Barracks Tech Lab  
  31  3:06  SCV  
  32  3:17  SCV  
  32  3:18  SCV  
  34  3:21  Hellion x2  
  34  3:22  Supply Depot  
  38  3:30  Viking, SCV  
  38  3:32  SCV  
  42  3:35  Stimpack  
  42  3:42  SCV  
  42  3:43  Liberator  
  42  3:45  SCV  
  42  3:46  Supply Depot  
  42  3:48  Hellion x2  
  48  3:54  SCV  
  49  3:57  SCV  
  53  4:06  SCV  
  53  4:09  SCV  
  55  4:16  Command Center  
  55  4:19  SCV  
  55  4:21  SCV  
  55  4:22  Marine  
  58  4:31  SCV, Factory Tech Lab  
  59  4:38  Barracks  
  59  4:39  SCV, Barracks  
  59  4:40  Supply Depot  
  59  4:43  SCV  
  61  4:47  Starport Reactor  
  61  4:50  Supply Depot  
  61  4:51  SCV  
  62  4:57  SCV  
  62  5:01  Siege Tank, Marine  
  62  5:03  Engineering Bay x2  
  62  5:04  SCV  
  67  5:09  SCV  
  66  5:17  SCV, Refinery  
  66  5:18  Refinery  
  67  5:21  SCV  
  67  5:28  Marine x2  
  70  5:29  SCV, Marine  
  70  5:30  Orbital Command  
  70  5:32  Starport Reactor  
  70  5:34  Siege Tank  
  70  5:35  SCV  
  76  5:36  Terran Infantry Weapons Level 1  
  76  5:37  Supply Depot  
  71  5:43  Marine, Terran Infantry Armor Level 1  
  71  5:44  Marine  
  71  5:45  SCV  
  71  5:47  SCV  
  71  5:48  Supply Depot  
  75  5:53  Marine x3  
  78  5:59  Orbital Command  
  78  6:00  SCV x2  
  78  6:03  Marine x2  
  82  6:06  Supply Depot, Siege Tank  
  82  6:10  Medivac  
  87  6:11  Medivac  
  87  6:12  SCV x2  
  87  6:17  Supply Depot, Marine  
  87  6:18  Marine x2  
  94  6:19  Combat Shields  
  94  6:21  Marine  
  94  6:24  SCV x3  
  98  6:30  Marine  
  99  6:35  Marine, Liberator  
  99  6:36  SCV x2  
  99  6:38  SCV  
  103  6:41  Medivac, Armory  
  103  6:42  Marine x3  
  103  6:43  Supply Depot  
  108  6:48  SCV  
  108  6:49  SCV  
  108  6:50  SCV  
  108  6:51  Marine, Refinery  
  108  6:53  Marine  
  116  6:58  Supply Depot  
  116  6:59  Supply Depot  
  116  7:00  SCV, Marine x3  
  120  7:08  Marine  
  120  7:09  SCV x2, Siege Tank  
  120  7:14  Marine  
  127  7:18  SCV, Marine x2  
  127  7:21  SCV  
  127  7:22  Supply Depot x2, Barracks x2  
  130  7:33  Marine x3  
  124  7:38  Medivac x2  
  124  7:39  Marine x2  
  124  7:40  Refinery  
  124  7:41  Terran Infantry Weapons Level 2  
  130  7:51  Marine x3  
  130  7:56  Siege Tank, Marine x2, Command Center  
  137  8:00  SCV  
  137  8:01  SCV  
  137  8:02  Factory  
  138  8:08  Medivac  
  138  8:09  Marine x2  
  138  8:11  Supply Depot  
  142  8:15  Barracks Reactor x2  
  142  8:19  Marine  
  143  8:25  SCV x3, Marine x2  
  143  8:28  Siege Tank, Marine  
  143  8:31  Medivac  
  145  8:35  Terran Infantry Armor Level 2, Barracks x2  
  145  8:37  Marine x2, Barracks  
  147  8:45  Marine x2  
  147  8:46  Marine  
  150  8:48  Factory Tech Lab  
  150  8:53  Supply Depot  
  150  8:55  Marine x3  
  150  8:56  Marine x3  
  150  9:00  Siege Tank  
  159  9:04  Marauder  
  159  9:08  Siege Tank  
  159  9:09  Marine x2  
  168  9:13  Supply Depot, Marine x2  
  168  9:15  Terran Vehicle Weapons Level 1  
  172  9:24  Barracks Tech Lab x2  
  172  9:25  Barracks Reactor, Marine x4, Marauder  
  172  9:27  Marine  
  177  9:33  Siege Tank  
  177  9:35  Marine x3  
  183  9:40  Sensor Tower  
  183  9:42  Refinery  
  183  9:43  Supply Depot, Marine, Planetary Fortress  
  183  9:44  Siege Tank, Marine x2  
  183  9:45  Marine x2, Marauder  
  190  9:47  Marine, Marauder  
  193  9:52  Marine  
  196  10:00  Marine x2  
  196  10:01  Marine  
  196  10:05  Supply Depot  
  196  10:06  Supply Depot, Marauder  
  188  10:17  Marine x4, Marauder x2  
  188  10:18  Siege Tank  
  199  10:25  Terran Infantry Weapons Level 3, Marine x2  
  199  10:28  Marine x2, Marauder  
  184  10:32  Marine x2  
  184  10:34  Unknown, SCV x3  
  177  10:38  Marine x4, Medivac x2  
  177  10:39  Marauder  
  176  10:46  SCV x2  
  176  10:47  SCV  
  173  10:50  Siege Tank x2  
  173  10:52  Terran Infantry Armor Level 3, Marine x3  
  173  10:56  Marine x2  
  182  10:58  SCV x2  
  182  10:59  SCV  
  182  11:01  Marine x2  
  182  11:02  Marine x2, Marauder x2  
  193  11:06  Concussive Shells  
  193  11:10  SCV  
  193  11:11  SCV  
  195  11:12  Marine x3, Marauder  
  197  11:20  Marine x2  
  197  11:23  Marauder x2  
  195  11:33  Siege Tank  
  195  11:35  Marine  
  195  11:36  Marine  
  195  11:38  SCV x2  
  184  11:40  SCV  
  184  11:42  Siege Tank  
  184  11:45  Marine x2  
  184  11:46  Marine x8  
  168  11:50  SCV  
  168  11:53  Marine x2  
  149  11:56  SCV  
  149  11:57  SCV  
  137  12:02  SCV  
  137  12:03  Marine x4  
  137  12:04  Marine x5  
  137  12:05  Siege Tank  
  148  12:08  SCV  
  148  12:11  Marine x2  
  148  12:14  Siege Tank  
  151  12:21  Marine x6  
  151  12:22  Marine x2  
  157  12:33  Medivac x2  
  159  12:37  Siege Tank, Marine x2  
  159  12:38  Marauder x2  
  159  12:39  Marine x2  
  161  12:47  Marine x3  
  164  12:52  Sensor Tower, Siege Tank  
  164  12:55  SCV x2  
  164  12:56  Orbital Command, Marine  
  164  12:57  Marine  
  169  12:59  Marauder x2  
  169  13:01  Marine x2  
  169  13:02  Marine  
  169  13:07  SCV  
  173  13:13  Marine x2  
  173  13:14  Marine x3  
  173  13:18  SCV  
  173  13:19  SCV  
  180  13:21  SCV  
  180  13:25  Ghost Academy  

Tags
 
Add a new tag
Caveats
  • Supply blocks, unpowered buildings, or Contaminate may cause inaccurate times.
  • Supply counts are checked every 10 seconds.